[Event "Late-Titled-Tuesday-Blitz-March-19-2024"]
[Site "Chess.com"]
[Date "2024.03.19"]
[Round "6"]
[White "Licancabur"]
[Black "DryCounty"]
[Result "0-1"]
[WhiteElo "2502"]
[BlackElo "2659"]
[TimeControl "180+1"]
[EndTime "15:03:22 PDT"]
[Termination "DryCounty won by resignation"]

1. d4 Nf6 2. Bg5 Ne4 3. Bf4 c5 4. f3 Qa5+ 5. c3 Nf6 6. d5 Qb6 7. Bc1 e6 8. e4 c4 9. Bxc4 Bc5 10. Ne2 exd5 11. Bxd5 Nxd5 12. Qxd5 O-O 13. Nd4 Nc6 14. Nf5 d6 15. Nxg7 Be3 16. Bd2 Kxg7 17. Na3 Be6 18.
Qh5 Bxd2+ 19. Kxd2 f6 20. b4 Qf2+ 21. Kc1 Ne5 0-1

[Event "Late-Titled-Tuesday-Blitz-March-19-2024"]
[Site "Chess.com"]
[Date "2024.03.19"]
[Round "6"]
[White "thesupera12"]
[Black "ArmanGhevondyanchess"]
[Result "0-1"]
[WhiteElo "2434"]
[BlackElo "2591"]
[TimeControl "180+1"]
[EndTime "15:03:23 PDT"]
[Termination "ArmanGhevondyanchess won by checkmate"]

1. d4 Nf6 2. Nf3 g6 3. g3 Bg7 4. Bg2 O-O 5. O-O d5 6. c4 c5 7. cxd5 Qxd5 8. Nc3 Qh5 9. dxc5 Qxc5 10. Be3 Qh5 11.
Rc1 Nc6 12. Nd4 Ng4 13. h4 Rd8 14. Nxc6 Rxd1 15. Nxe7+ Kf8 16. Nxg6+ hxg6 17. Rcxd1 Nxe3 18. fxe3 Bxc3 19. bxc3 Be6 20. Bxb7 Rb8 21. Bf3 Qe5 22.
Kf2 Qxc3 23. Rc1 Qe5 24. Rc2 Kg7 25. Rfc1 Rd8 26. Rc5 Qf6 27. R1c2 Rd6 28. Rc7 Bg4 29. Rxa7 Bxf3 30. exf3 Qf5 31. Re2 Rf6 32. f4 Qh3 33. Kf3 Qf1+ 34. Rf2 Qh1+ 35. Kg4 Kh6 36. Rd7 Rf5 37.
Rd4 Ra5 38. e4 f5+ 39. exf5 gxf5# 0-1

[Event "Late-Titled-Tuesday-Blitz-March-19-2024"]
[Site "Chess.com"]
[Date "2024.03.19"]
[Round "6"]
[White "Horokoskii"]
[Black "NovakRatko"]
[Result "0-1"]
[WhiteElo "2176"]
[BlackElo "2414"]
[TimeControl "180+1"]
[EndTime "15:03:24 PDT"]
[Termination "NovakRatko won by resignation"]

1. c4 c6 2. e4 d5 3. exd5 cxd5 4. d4 Nf6 5. Nf3 Nc6 6. Nc3 Bg4 7. cxd5 Nxd5 8. Be2 e6 9. O-O Be7 10. Re1 O-O 11.
Qb3 Bxf3 12. Bxf3 Nxd4 13. Qd1 Nxc3 14. bxc3 Nxf3+ 15. Qxf3 Qc7 16. Bf4 Qc8 17. Rab1 Bf6 18.
Qxb7 Bxc3 19. Rec1 Qxb7 20. Rxb7 Bd4 21. Rcc7 Bb6 22. Rd7 Rfd8 23. g3 Rxd7 24. Rxd7 h6 25. Kg2 Rc8 26. Rd2 g5 27. Be5 Kh7 28. Rd7 Kg6 29.
Bd4 Rc2 30. Bxb6 axb6 31. Rb7 Rb2 32. a4 Rb4 33. Ra7 g4 34. a5 bxa5 35. Rxa5 Rb1 36. h3 h5 37. hxg4 hxg4 38. Rb5 Rxb5 0-1

[Event "Late-Titled-Tuesday-Blitz-March-19-2024"]
[Site "Chess.com"]
[Date "2024.03.19"]
[Round "6"]
[White "MalyDominator"]
[Black "MaiqMaster"]
[Result "1-0"]
[WhiteElo "2524"]
[BlackElo "2362"]
[TimeControl "180+1"]
[EndTime "15:03:25 PDT"]
[Termination "MalyDominator won by resignation"]

1. e4 e5 2. Nf3 Nc6 3. Bb5 a6 4. Ba4 Nf6 5. O-O b5 6. Bb3 Be7 7. Re1 O-O 8. a4 Bb7 9. d4 d6 10. c3 h6 11. Nbd2 Re8 12. Nf1 Bf8 13. Ng3 g6 14. Nh4 Ne7 15. Qf3 Bg7 16. Bxh6 c5 17.
dxe5 dxe5 18. Rad1 Qb6 19. Nxg6 Bxh6 20. Nxe7+ Rxe7 21. Nf5 Bf8 22. Rd6 1-0

[Event "Late-Titled-Tuesday-Blitz-March-19-2024"]
[Site "Chess.com"]
[Date "2024.03.19"]
[Round "6"]
[White "DFeco"]
[Black "Thjop"]
[Result "1-0"]
[WhiteElo "2472"]
[BlackElo "2641"]
[TimeControl "180+1"]
[EndTime "15:03:29 PDT"]
[Termination "DFeco won by resignation"]

1. d4 d5 2. Nf3 Nf6 3. Bf4 c5 4.
e3 Nc6 5. Nbd2 Qb6 6. dxc5 Qxb2 7.
Rb1 Qc3 8. Bb5 g6 9. e4 dxe4 10. Be5 Qa5 11. O-O exf3 12. Bxc6+ bxc6 13. Qxf3 Nd5 14. Bxh8 Qxd2 15. c4 f6 16. Rfd1 Qc3 17. cxd5 Qxf3 18. gxf3 Bf5 19. Rb7 O-O-O 20. Rxa7 Kb8 21.
Ra6 cxd5 22. Rd4 Kb7 23. Rb6+ Kc7 24. Ra4 Kd7 25. Ra7+ Ke8 26. c6 d4 27. c7 Rc8 28.
Rb8 d3 29. Raa8 1-0

[Event "Late-Titled-Tuesday-Blitz-March-19-2024"]
[Site "Chess.com"]
[Date "2024.03.19"]
[Round "6"]
[White "ashookk"]
[Black "andrzej"]
[Result "1/2-1/2"]
[WhiteElo "2348"]
[BlackElo "2507"]
[TimeControl "180+1"]
[EndTime "15:03:36 PDT"]
[Termination "Game drawn by agreement"]

1. Nf3 d5 2. c4 e6 3. Qc2 Nf6 4. d4 dxc4 5. Qxc4 c5 6. dxc5 Qa5+ 7. Bd2 Qxc5 8. e3 Nc6 9. a3 Qxc4 10. Bxc4 Bd7 11.
Nc3 Rc8 12. Be2 Na5 13. Ne5 Nb3 14. Rd1 Be7 15. Nxd7 Nxd7 16. Bb5 Rc7 17. e4 Nxd2 18. Rxd2 a6 19. Bxd7+ Rxd7 20. Rxd7 Kxd7 21. Ke2 Rc8 22. Rd1+ Ke8 23. Rd3 Bf6 24. Kd2 Ke7 25. f4 Bxc3+ 26. Rxc3 Rxc3 27. Kxc3 Kd6 28. Kd4 f6 29. e5+ fxe5+ 30.
fxe5+ Kc6 31. Kc4 b5+ 32. Kd4 a5 33. b4 1/2-1/2

[Event "Late-Titled-Tuesday-Blitz-March-19-2024"]
[Site "Chess.com"]
[Date "2024.03.19"]
[Round "6"]
[White "DrCeltic"]
[Black "ameetghasi100"]
[Result "0-1"]
[WhiteElo "2588"]
[BlackElo "2792"]
[TimeControl "180+1"]
[EndTime "15:03:38 PDT"]
[Termination "ameetghasi100 won on time"]

1. e4 g6 2. d4 Bg7 3. Nc3 d6 4. Nf3 Nf6 5. Be3 O-O 6. Qd2 Nc6 7. Bh6 Bg4 8. Bxg7 Kxg7 9. Ng5 e5 10. d5 Nd4 11. f3 Bc8 12. h4 h6 13. Nh3 c6 14.
dxc6 bxc6 15. O-O-O Rb8 16. Ne2 Nxe2+ 17. Bxe2 Bxh3 18. Rxh3 d5 19. exd5 cxd5 20. Kb1 Qb6 21. b3 d4 22. Bc4 Rfc8 23. Qe2 Qb4 24. Ba6 Rc6 25. Bd3 Re8 26. Be4 Rc3 0-1

[Event "Late-Titled-Tuesday-Blitz-March-19-2024"]
[Site "Chess.com"]
[Date "2024.03.19"]
[Round "6"]
[White "only_strong_moves"]
[Black "Sandstad"]
[Result "1-0"]
[WhiteElo "2660"]
[BlackElo "2506"]
[TimeControl "180+1"]
[EndTime "15:03:38 PDT"]
[Termination "only_strong_moves won by resignation"]

1. Nc3 Nf6 2. e4 e5 3. Bc4 Bc5 4. d3 d6 5. Nge2 Nc6 6. Be3 Bb6 7. Nd5 Nxd5 8. Bxd5 Ne7 9. Bb3 Ng6 10. Ng3 h5 11.
Nf5 Qf6 12. Bxb6 axb6 13. Ne3 Ne7 14. Qd2 Be6 15. O-O g5 16. c3 O-O-O 17. Bxe6+ fxe6 18. a4 Kd7 19. a5 b5 20. Qc2 c6 21. c4 bxc4 22.
dxc4 Ra8 23. Qb3 Kc8 24. a6 Rb8 25. Qa3 Kc7 26. c5 d5 27. Qa5+ Kd7 28. Ra3 Rhc8 29.
a7 Ra8 30. b4 Rc7 31. b5 Qf4 32. Ra4 d4 33. Nc4 Qxe4 34. Nb6+ Ke8 35. Nxa8 1-0

[Event "Late-Titled-Tuesday-Blitz-March-19-2024"]
[Site "Chess.com"]
[Date "2024.03.19"]
[Round "6"]
[White "kriscacco"]
[Black "nindjaxx8"]
[Result "0-1"]
[WhiteElo "2115"]
[BlackElo "2661"]
[TimeControl "180+1"]
[EndTime "15:03:40 PDT"]
[Termination "nindjaxx8 won by checkmate"]

1. d4 d5 2. Nf3 Nf6 3. c4 e6 4. Nc3 Be7 5. Bf4 O-O 6. e3 b6 7. cxd5 exd5 8. Bd3 Bb7 9. Qc2 c5 10. Rc1 Nbd7 11. Qb1 cxd4 12. Nxd4 Nc5 13. Be2 Nfe4 14. Bf3 Ba6 15. Be2 Nxc3 16. Rxc3 Bxe2 17. Kxe2 Bf6 18. Rd1 Bxd4 19. Rxd4 Ne6 20. Rd2 Qf6 21. Bg3 d4 22.
exd4 Nxd4+ 23. Kf1 Rfe8 24. Qd1 Nf5 25. Rf3 Qg6 26.
Bf4 Qe6 27. b3 Rac8 28. h3 Qe4 29. Kg1 Nh4 30. Re3 Qxg2# 0-1

[Event "Late-Titled-Tuesday-Blitz-March-19-2024"]
[Site "Chess.com"]
[Date "2024.03.19"]
[Round "6"]
[White "RebelJohnny"]
[Black "rikchessmx"]
[Result "1-0"]
[WhiteElo "2565"]
[BlackElo "2299"]
[TimeControl "180+1"]
[EndTime "15:03:45 PDT"]
[Termination "RebelJohnny won by resignation"]

1. e4 c5 2. Nf3 e6 3. d4 cxd4 4. Nxd4 a6 5. Bd3 Qc7 6. Qe2 d6 7. O-O Nf6 8. c4 Be7 9. Nc3 Nbd7 10. f4 b6 11. b3 Bb7 12. Bb2 Nc5 13. Bc2 O-O-O 14.
b4 Ncd7 15. a4 h5 16. a5 d5 17. cxd5 Bxb4 18. Nc6 Bc5+ 19. Kh1 Bxc6 20. dxc6 Nb8 21. axb6 Bxb6 22. Bd3 Rxd3 23. Qxd3 g5 24. Na4 Rd8 25.
Qb3 Qxc6 26. Nxb6+ Kb7 27. Nc4+ Ka8 28. Bxf6 Rc8 29.
Nb6+ Ka7 30. Nxc8+ Qxc8 31. Bd4+ Ka8 32. Rfc1 Qb7 33. Qxb7+ Kxb7 34. Rab1+ 1-0

[Event "Late-Titled-Tuesday-Blitz-March-19-2024"]
[Site "Chess.com"]
[Date "2024.03.19"]
[Round "6"]
[White "FREZZY23"]
[Black "SocoLoco"]
[Result "1-0"]
[WhiteElo "2378"]
[BlackElo "2157"]
[TimeControl "180+1"]
[EndTime "15:03:45 PDT"]
[Termination "FREZZY23 won on time"]

1. d4 d5 2. g3 Nc6 3. Bg2 Bg4 4.
h3 Bf5 5. Nf3 Nf6 6. O-O e6 7.
c4 Be7 8. Nc3 O-O 9. Qa4 Ne4 10.
Rd1 Re8 11. Ne5 Nxe5 12. dxe5 Nxc3 13. bxc3 c6 14. cxd5 exd5 15. e4 Be6 16. exd5 cxd5 17. c4 d4 18. Be3 Bc5 19. Bxb7 Bxh3 20. Bc6 Rxe5 21. Bxd4 Bxd4 22. c5 Qg5 23. Qxd4 Rc8 24. Bb7 Rce8 25. c6 Qxg3+ 26. fxg3 1-0

[Event "Late-Titled-Tuesday-Blitz-March-19-2024"]
[Site "Chess.com"]
[Date "2024.03.19"]
[Round "6"]
[White "ckgchess"]
[Black "MKlose11"]
[Result "1-0"]
[WhiteElo "2925"]
[BlackElo "2638"]
[TimeControl "180+1"]
[EndTime "15:03:50 PDT"]
[Termination "ckgchess won by resignation"]

1. e4 e6 2. d4 d5 3. Nc3 Bb4 4. Bd3 Ne7 5. a3 Bxc3+ 6. bxc3 c5 7. Qg4 Ng6 8. h4 dxe4 9. Bxe4 e5 10. Qg3 exd4 11. h5 Qe7 12. f3 f5 13. Bg5 Qe5 14.
Qxe5+ Nxe5 15. Bd5 Nbc6 16. Ne2 dxc3 17. h6 g6 18. Bf6 Rf8 19. Bg7 Rf7 20. O-O-O Re7 21. Bf6 Be6 22. Bxe7 Kxe7 23. Nxc3 Nd4 24. Rhe1 Nd7 25.
Bxe6 Nxe6 26. Nd5+ Kf7 27. Rxe6 Kxe6 28. Nc7+ 1-0

[Event "Late-Titled-Tuesday-Blitz-March-19-2024"]
[Site "Chess.com"]
[Date "2024.03.19"]
[Round "6"]
[White "Redzishchess"]
[Black "AlexTruskavetsky"]
[Result "0-1"]
[WhiteElo "2509"]
[BlackElo "2661"]
[TimeControl "180+1"]
[EndTime "15:03:52 PDT"]
[Termination "AlexTruskavetsky won on time"]

1. d4 Nf6 2. c4 e6 3. g3 d5 4. Bg2 dxc4 5. Nf3 Nc6 6. O-O Rb8 7.
e3 b5 8. b3 cxb3 9. Qxb3 a6 10. Nc3 Be7 11. Rd1 Na5 12. Qc2 Bb7 13. e4 O-O 14. e5 Nd5 15. Ne4 Nc4 16. Neg5 g6 17. Ne4 c5 18. dxc5 Qc7 19. Rxd5 Bxd5 20. Nf6+ Bxf6 21.
exf6 Bxf3 22. Bxf3 Qe5 23. Rb1 Qxf6 24. Bg2 Rfd8 25. c6 Rbc8 26. Bf4 e5 27. Bc1 Rxc6 28. Bxc6 Qxc6 29. a4 Qd5 30. axb5 Qd1+ 31. Qxd1 Rxd1+ 32. Kg2 axb5 33. Ra1 b4 34. Kf3 b3 35. Ke2 Rd8 36. Rb1 b2 37. Be3 Rb8 38. Kf3 Na3 0-1

[Event "Late-Titled-Tuesday-Blitz-March-19-2024"]
[Site "Chess.com"]
[Date "2024.03.19"]
[Round "6"]
[White "chucksterf10"]
[Black "cthulhuuu"]
[Result "1-0"]
[WhiteElo "2559"]
[BlackElo "2409"]
[TimeControl "180+1"]
[EndTime "15:03:58 PDT"]
[Termination "chucksterf10 won by checkmate"]

1. h3 Nf6 2. g4 g6 3. Bg2 d5 4. Nf3 Bg7 5. d4 O-O 6. c4 dxc4 7. O-O c5 8. Nbd2 cxd4 9. Nxc4 Nc6 10. Bf4 Nd5 11.
Bg3 f6 12. Nxd4 e5 13. Nb5 Be6 14. Ncd6 Nce7 15. Nxb7 Qb6 16. N5d6 Rab8 17. Qb3 Bh6 18. e3 Bg7 19. Rfd1 Qxb3 20. axb3 f5 21. gxf5 gxf5 22. Rxa7 f4 23. Bh4 f3 24. Bf1 Kh8 25. e4 Nf4 26.
Bxe7 Rg8 27. Kh1 Nxh3 28. Bxh3 Bxh3 29. Nf7# 1-0

[Event "Late-Titled-Tuesday-Blitz-March-19-2024"]
[Site "Chess.com"]
[Date "2024.03.19"]
[Round "6"]
[White "Njal28"]
[Black "DanielNaroditsky"]
[Result "1/2-1/2"]
[WhiteElo "3057"]
[BlackElo "3172"]
[TimeControl "180+1"]
[EndTime "15:04:00 PDT"]
[Termination "Game drawn by agreement"]

1. e4 e5 2. Nf3 Nc6 3. Nc3 Nf6 4. Bb5 Nd4 5. Nxd4 exd4 6. e5 dxc3 7. exf6 Qxf6 8.
dxc3 Bc5 9. Qe2+ Qe6 10. Qxe6+ fxe6 11. f3 Kf7 12. a4 a6 13. Bd3 a5 14. h4 d6 15. h5 e5 16. Bd2 h6 17. O-O-O Be6 18. Rde1 Rhf8 19. f4 exf4 20. Rhf1 Ke7 21. Bc4 Be3 22.
Bxe6 Kxe6 23. Bxe3 fxe3 24. Rxe3+ Kd7 25. Rxf8 Rxf8 26. Rg3 Rf7 27. b4 b6 28. Kb2 Kc6 29. Rg6 Rf5 30. b5+ Kb7 31. g4 Rf7 32. c4 Kc8 1/2-1/2

[Event "Late-Titled-Tuesday-Blitz-March-19-2024"]
[Site "Chess.com"]
[Date "2024.03.19"]
[Round "6"]
[White "Sanyura"]
[Black "MusicCityMaster"]
[Result "0-1"]
[WhiteElo "2616"]
[BlackElo "2458"]
[TimeControl "180+1"]
[EndTime "15:04:03 PDT"]
[Termination "MusicCityMaster won by checkmate"]

1. e4 e6 2. d4 d5 3. Nd2 Nc6 4. Ngf3 Nf6 5. Bd3 Nb4 6. Bb5+ c6 7. Ba4 dxe4 8. Ng5 Qxd4 9. O-O Nbd5 10. c3 Qe5 11. Nc4 Qf5 12. Bc2 h6 13. Nh3 Be7 14. f3 Qh5 15. Qe1 Bc5+ 16. Kh1 exf3 17. Rxf3 O-O 18. Rg3 e5 19. Nf2 Bxf2 20. Qxf2 Ng4 21. Qe1 Qxh2# 0-1

[Event "Late-Titled-Tuesday-Blitz-March-19-2024"]
[Site "Chess.com"]
[Date "2024.03.19"]
[Round "6"]
[White "TanitoluwaAps116"]
[Black "AryanTari"]
[Result "0-1"]
[WhiteElo "2820"]
[BlackElo "3020"]
[TimeControl "180+1"]
[EndTime "15:04:04 PDT"]
[Termination "AryanTari won by resignation"]

1. e4 e5 2. Nf3 Nc6 3. Bc4 Nf6 4. d3 Bc5 5. O-O d6 6. c3 a5 7. Re1 O-O 8. h3 h6 9. Nbd2 Be6 10. Bb5 Bb6 11.
Nc4 Bc5 12. Ne3 Bb6 13. Nc4 Ba7 14. Bxc6 bxc6 15. Nxa5 Bxf2+ 16. Kxf2 Rxa5 17. b4 Ra8 18. a4 Nd7 19. Kg1 f5 20. exf5 Bxf5 21. a5 Qf6 22.
Rf1 Qe6 23. c4 d5 24. Bb2 d4 25. Qe2 c5 26. b5 Rfe8 27. Rae1 Rxa5 28. Nh4 Bh7 29.
Qh5 Ra2 30. Bc1 Bxd3 31. Rf3 Nf6 32. Rxf6 gxf6 33. Bxh6 Re7 34. Qg4+ Qxg4 35. hxg4 Rh7 0-1

[Event "Late-Titled-Tuesday-Blitz-March-19-2024"]
[Site "Chess.com"]
[Date "2024.03.19"]
[Round "6"]
[White "Pingah9"]
[Black "JoakimVonAnd"]
[Result "0-1"]
[WhiteElo "2577"]
[BlackElo "2713"]
[TimeControl "180+1"]
[EndTime "15:04:05 PDT"]
[Termination "JoakimVonAnd won by resignation"]

1. e4 c5 2. Nc3 e6 3. g3 a6 4. Bg2 b5 5. Nge2 Bb7 6. d4 cxd4 7. Nxd4 Nf6 8. Qe2 d5 9. e5 Nfd7 10. O-O Nc6 11. Nxc6 Bxc6 12. f4 Bc5+ 13. Kh1 g6 14.
Be3 Qb6 15. Bf2 h5 16. h4 Bxf2 17. Rxf2 Kf8 18. a3 Kg7 19. Raf1 a5 20. Nd1 b4 21.
Qd2 bxa3 22. bxa3 Bb5 23. Re1 Rac8 24. Ne3 d4 25. Nf1 Rc3 26. Kh2 Rhc8 27. f5 exf5 28. e6 fxe6 29. Qg5 Nf6 30. Nd2 d3 31. Rxf5 exf5 32. Re7+ Kf8 33. Re5 Ng4+ 0-1

[Event "Late-Titled-Tuesday-Blitz-March-19-2024"]
[Site "Chess.com"]
[Date "2024.03.19"]
[Round "6"]
[White "TheRigos"]
[Black "Misterfox120"]
[Result "1-0"]
[WhiteElo "2571"]
[BlackElo "2457"]
[TimeControl "180+1"]
[EndTime "15:04:05 PDT"]
[Termination "TheRigos won by checkmate"]

1. d4 d5 2. c4 e6 3. Nc3 a6 4.
cxd5 exd5 5. Nf3 c6 6. Bf4 Bd6 7. Bxd6 Qxd6 8. e4 dxe4 9. Nxe4 Qe7 10. Qe2 Bg4 11. Nd6+ Kf8 12. Qxe7+ Nxe7 13. Ne5 Be6 14. Nxb7 f6 15. Nc5 Bd5 16. Nc4 Kf7 17. O-O-O Rd8 18.
Ne3 Nd7 19. Nb7 Rdb8 20. Nd6+ Ke6 21. Ndc4 Nb6 22. b3 a5 23. Bd3 a4 24. Rhe1 Kd7 25.
Nf5 Nxf5 26. Bxf5+ Kc7 27. Re7+ Kd8 28. Rde1 Nxc4 29.
Rd7+ Kc8 30. Re8# 1-0

[Event "Late-Titled-Tuesday-Blitz-March-19-2024"]
[Site "Chess.com"]
[Date "2024.03.19"]
[Round "6"]
[White "Mikhail_Bryakin"]
[Black "FaustinoOro"]
[Result "1-0"]
[WhiteElo "2715"]
[BlackElo "2856"]
[TimeControl "180+1"]
[EndTime "15:04:06 PDT"]
[Termination "Mikhail_Bryakin won by resignation"]

1. c4 e5 2. Nc3 Nf6 3. g3 Bb4 4. Bg2 O-O 5. e3 d6 6. Nge2 c6 7. a3 Ba5 8. O-O Re8 9. d4 Nbd7 10. d5 cxd5 11. cxd5 Nf8 12. b4 Bc7 13. h3 h6 14. e4 Ng6 15. Be3 Bb6 16. Qd2 Bxe3 17. Qxe3 Nh7 18. Rfc1 Bd7 19. a4 a6 20. a5 Rc8 21. Na4 Rxc1+ 22. Qxc1 Bxa4 23. Rxa4 Qd7 24. Ra2 Rc8 25. Rc2 Rxc2 26. Qxc2 Qb5 27. Qd2 Qc4 28.
h4 Nf6 29. f3 Ne7 30. Bf1 Nd7 31. Nc1 Qc7 32. Nb3 f5 33. Qc1 Qd8 34. Nd2 Nf6 35.
Qc4 fxe4 36. fxe4 Qd7 37. Qe2 Qa4 38. Qc4 Qd1 39. Qd3 Nxe4 40. Nxe4 Qxd3 41. Bxd3 Nxd5 1-0

[Event "Late-Titled-Tuesday-Blitz-March-19-2024"]
[Site "Chess.com"]
[Date "2024.03.19"]
[Round "6"]
[White "Truequitos"]
[Black "Tugrik1969"]
[Result "1-0"]
[WhiteElo "2555"]
[BlackElo "2392"]
[TimeControl "180+1"]
[EndTime "15:04:06 PDT"]
[Termination "Truequitos won on time"]

1. d4 d5 2. Bf4 c5 3. e4 e6 4.
exd5 exd5 5. Nc3 Bd6 6. Bxd6 Qxd6 7. dxc5 Qxc5 8. Qxd5 Qe7+ 9. Qe4 Be6 10. Bb5+ Nd7 11. O-O-O Nf6 12. Bxd7+ Nxd7 13. Nf3 O-O 14. Nd4 Nc5 15.
Qe5 Rac8 16. Nxe6 Nxe6 17. Kb1 Qb4 18. Nd5 Qc5 19. c3 Rfe8 20. Rhe1 Nc7 21. Ne7+ 1-0

[Event "Late-Titled-Tuesday-Blitz-March-19-2024"]
[Site "Chess.com"]
[Date "2024.03.19"]
[Round "6"]
[White "PolandHussars"]
[Black "CarlosjPineror"]
[Result "1-0"]
[WhiteElo "2577"]
[BlackElo "2668"]
[TimeControl "180+1"]
[EndTime "15:04:09 PDT"]
[Termination "PolandHussars won by resignation"]

1. e4 c5 2. Ne2 e6 3. g3 Nc6 4.
Bg2 h5 5. h3 Nf6 6. c3 d5 7.
exd5 exd5 8. d4 h4 9. g4 Bd6 10.
dxc5 Bxc5 11. Nd2 Bxg4 12. hxg4 Nxg4 13. Nd4 Qd7 14. N2b3 Bxd4 15. Nxd4 Kf8 16. Nxc6 bxc6 17. Be3 Nxe3 18. fxe3 h3 19. Bf3 Qe7 20. Qd4 Rh4 21. Qd3 g5 22. O-O-O g4 23. Bxg4 Rxg4 24. Rxh3 Qe4 25.
Rh8+ Rg8 26. Rxg8+ Kxg8 27. Qxe4 dxe4 28. Rd7 Re8 29. Rxa7 Rd8 30. Re7 f5 31. Re5 Rd3 32.
Rxf5 Rxe3 33. Rc5 Kf7 34. Rxc6 Ke7 35. a4 Kd7 36. Rc4 Re2 37. a5 e3 38. a6 Rh2 39. Re4 Rh6 40. Rxe3 Rxa6 41. Rh3 Rg6 42. Kc2 Kc6 43. b4 Kb5 44. Rh5+ Kb6 45. Kb3 Kc6 46. Rh3 Kb6 47. c4 Kc6 48. b5+ Kb6 49. Kb4 Rg5 50. c5+ Kb7 51. Rh7+ Kb8 52. b6 Rg1 53. Kb5 Rg6 54. c6 Rg8 55. Ra7 Rf8 56. c7+ 1-0

[Event "Late-Titled-Tuesday-Blitz-March-19-2024"]
[Site "Chess.com"]
[Date "2024.03.19"]
[Round "6"]
[White "ninguno46"]
[Black "ChempionBg"]
[Result "1-0"]
[WhiteElo "2544"]
[BlackElo "2345"]
[TimeControl "180+1"]
[EndTime "15:04:11 PDT"]
[Termination "ninguno46 won on time"]

1. e4 c5 2. Nc3 Nc6 3. f4 g6 4.
Nf3 Bg7 5. Bb5 e6 6. Bxc6 bxc6 7. d3 Ne7 8. O-O d5 9. e5 O-O 10. Bd2 Rb8 11. Rb1 Nf5 12. Na4 Qe7 13. Qe2 Ba6 14. c4 Nd4 15. Nxd4 cxd4 16. b3 dxc4 17. dxc4 c5 18. Bc1 Bb7 19. Ba3 Rfc8 20. Rbd1 Bf8 21. Rxd4 Qc7 22. Rd3 Qc6 23. Rg3 Rd8 24. Nc3 Rd7 25.
f5 Rbd8 26. fxg6 hxg6 27. Bc1 Rd3 28. Nd5 Rxg3 29. Nf6+ Kg7 30. hxg3 Rd3 31. Bf4 g5 32. Rf2 Rc3 33. Qh5 1-0

[Event "Late-Titled-Tuesday-Blitz-March-19-2024"]
[Site "Chess.com"]
[Date "2024.03.19"]
[Round "6"]
[White "WilsonPalencia21"]
[Black "Vaathi_Coming"]
[Result "0-1"]
[WhiteElo "2616"]
[BlackElo "2893"]
[TimeControl "180+1"]
[EndTime "15:04:12 PDT"]
[Termination "Vaathi_Coming won on time"]

1. d4 Nf6 2. c4 g6 3. Nf3 Bg7 4. Nc3 O-O 5. e4 c6 6. e5 Ne8 7. Be2 d6 8. exd6 Nxd6 9. h3 Nf5 10. d5 cxd5 11. Nxd5 Nc6 12. O-O e6 13. Ne3 Nxe3 14.
Bxe3 Bxb2 15. Rb1 Bg7 16. Qa4 Qc7 17. Bc5 Rd8 18. Bb6 axb6 19. Qxa8 e5 20. Qa4 e4 21. Ng5 Qf4 22. Rb5 Nd4 23. Qd1 Be5 24. Rxe5 Qxe5 25. h4 h6 26. Nh3 Bxh3 27. gxh3 Kg7 0-1

[Event "Late-Titled-Tuesday-Blitz-March-19-2024"]
[Site "Chess.com"]
[Date "2024.03.19"]
[Round "6"]
[White "Shahdad2007"]
[Black "Orest_Vovk"]
[Result "0-1"]
[WhiteElo "2598"]
[BlackElo "2506"]
[TimeControl "180+1"]
[EndTime "15:04:12 PDT"]
[Termination "Orest_Vovk won by resignation"]

1. e4 Nc6 2. d4 e5 3. d5 Nce7 4. c4 Ng6 5. Nc3 Bc5 6. Nf3 Nf6 7. Be2 d6 8. O-O O-O 9. Na4 Nxe4 10. Bd3 Nxf2 11. Rxf2 Bxf2+ 12. Kxf2 f5 13. Bc2 h6 14. Nc3 Bd7 15. Kg1 Nh4 16. Nxh4 Qxh4 17. Qe2 f4 18. Be4 Bg4 19. Qf2 Qh5 20. Bd2 g5 21. Nb5 Rf7 22. Nxa7 f3 23. Nb5 fxg2 24. Qxg2 Raf8 25. Bd3 Rf2 26.
Qxf2 Rxf2 27. Kxf2 Qxh2+ 28. Kf1 Qxd2 0-1

[Event "Late-Titled-Tuesday-Blitz-March-19-2024"]
[Site "Chess.com"]
[Date "2024.03.19"]
[Round "6"]
[White "GHANDEEVAM2003"]
[Black "GMKrikor"]
[Result "1-0"]
[WhiteElo "3038"]
[BlackElo "2820"]
[TimeControl "180+1"]
[EndTime "15:04:13 PDT"]
[Termination "GHANDEEVAM2003 won on time"]

1. e3 Nf6 2. c4 c5 3. b3 g6 4. Bb2 Bg7 5. Nf3 O-O 6. Be2 d5 7. cxd5 Qxd5 8. Nc3 Qf5 9. O-O Rd8 10. Rc1 Nc6 11.
a3 b6 12. h3 Bb7 13. Re1 Rac8 14. d3 h6 15. Qc2 Nd4 16. exd4 cxd4 17. Nxd4 Rxd4 18.
Bf1 Qd7 19. Qe2 Rc7 20. Nb5 Rxc1 21. Rxc1 Rd5 22. a4 Rc5 23. Rxc5 bxc5 24. Nxa7 Bxg2 25. Bxg2 Qxa7 26. Qe3 Nh5 27. Bxg7 Nxg7 28. b4 Qxa4 29. Qxc5 Nf5 30. Be4 Nd6 31. Kg2 Qb3 32. Qd4 Nxe4 33. dxe4 h5 34. Qd8+ Kg7 35. Qxe7 Qd3 36. Qe5+ 1-0

[Event "Late-Titled-Tuesday-Blitz-March-19-2024"]
[Site "Chess.com"]
[Date "2024.03.19"]
[Round "6"]
[White "Marcan2b"]
[Black "FairChess_on_YouTube"]
[Result "0-1"]
[WhiteElo "2930"]
[BlackElo "3154"]
[TimeControl "180+1"]
[EndTime "15:04:16 PDT"]
[Termination "FairChess_on_YouTube won by resignation"]

1. e4 c5 2. Nf3 e6 3. c3 Nf6 4. e5 Nd5 5. a3 b6 6. d4 cxd4 7. Nxd4 Bb7 8. Nd2 Nc6 9. Nxc6 Bxc6 10. Nf3 Qc7 11. Bd3 Ne7 12. O-O Ng6 13. Re1 Qb7 14.
Nd4 Bxg2 15. f3 Bh3 16. Be4 Qc8 17. f4 Bf5 18. Nxf5 exf5 19. Bxf5 Bc5+ 20. Kh1 O-O 21. b4 Be7 22. Bd2 Qc4 23. Re4 Qc6 24. Qe2 Nh4 25.
Bh3 f5 26. Qc4+ Qe6 27. Qxe6+ dxe6 28. Re2 Rad8 29. Be1 Rd3 30. Bf1 Rfd8 31. Raa2 Rd1 32. Kg1 Nf3+ 33. Kf2 Nxe1 0-1

[Event "Late-Titled-Tuesday-Blitz-March-19-2024"]
[Site "Chess.com"]
[Date "2024.03.19"]
[Round "6"]
[White "rcmz"]
[Black "Koalaskakistis"]
[Result "0-1"]
[WhiteElo "2217"]
[BlackElo "2479"]
[TimeControl "180+1"]
[EndTime "15:04:16 PDT"]
[Termination "Koalaskakistis won by resignation"]

1. b4 Nf6 2. Bb2 g6 3. e3 Bg7 4. c4 d6 5. Nf3 O-O 6. Be2 e5 7. O-O Bg4 8. d3 c6 9. h3 Bxf3 10. Bxf3 Nbd7 11. Nd2 Nb6 12. a3 Re8 13. Qc2 d5 14. c5 Nbd7 15. Nb3 Kh8 16. g3 Ng8 17. Bg2 f5 18. f4 e4 19. dxe4 fxe4 20. Nd4 Qe7 21.
Qe2 a5 22. Qc2 Nh6 23. g4 Kg8 24. Rfc1 axb4 25. axb4 Nf7 26. Rxa8 Rxa8 27. Ra1 Rxa1+ 28. Bxa1 Qe8 29. Qa4 Bxd4 30. Bxd4 Qb8 31. b5 Nd8 32. bxc6 Nxc6 33. Bf1 Qa7 34. Qxa7 Nxa7 35. Kf2 Nc6 36. Bb5 Nxd4 37. exd4 Nb8 38. Ke3 Nc6 39. Bxc6 bxc6 40.
h4 Kf7 41. Ke2 Kf6 42. Ke3 h6 43. Kf2 h5 44. g5+ Kf5 45. Kg3 e3 46. Kf3 e2 47.
Kxe2 Kxf4 0-1

[Event "Late-Titled-Tuesday-Blitz-March-19-2024"]
[Site "Chess.com"]
[Date "2024.03.19"]
[Round "6"]
[White "nabukatnezarr"]
[Black "mac0504"]
[Result "0-1"]
[WhiteElo "2581"]
[BlackElo "2719"]
[TimeControl "180+1"]
[EndTime "15:04:18 PDT"]
[Termination "mac0504 won by resignation"]

1. e4 Nc6 2. Bc4 e6 3. d3 d5 4. Bb3 Nf6 5. Nd2 Bc5 6. Ngf3 O-O 7. O-O Na5 8. Qe2 Nxb3 9. axb3 dxe4 10. dxe4 b6 11.
Nc4 a5 12. Bg5 h6 13. Rfd1 Qe8 14. Bxf6 gxf6 15. Nh4 Kh7 16. Rd3 Rg8 17. Rad1 Bb7 18. Rh3 Rg5 19. Nf3 Rg6 20. Rd3 Rd8 21. Nh4 Rxd3 22.
cxd3 Rg5 23. Kh1 Qg8 24. Ne3 Bd4 25. f4 Rc5 26. Nc2 Bxb2 27. f5 Qg5 28. Nf3 Qc1+ 29. Nce1 exf5 30. Qf2 fxe4 31. dxe4 Bxe4 32. Nd2 Bg6 33.
Qe3 Rg5 34. Qe2 Bc3 35. Nf3 Bxe1 36. Nxe1 Re5 0-1